 Dungeon Crawl Stone Soup version 0.31-a0-845-g9abc20d (webtiles) character file.

Game seed: 3804613923745054393

58 Meow the Digger (level 4, 36/36 HPs)
             Began as a Naga Earth Elementalist on Oct 1, 2023.
             Quit the game on level 3 of the Dungeon.
             The game lasted 00:07:28 (1959 turns).

Meow the Digger (Naga Earth Elementalist)           Turns: 1959, Time: 00:07:29

Health: 36/36      AC:  4    Str: 10    XL:     4   Next: 1%
Magic:  8/8        EV: 10    Int: 17    God:
Gold:   178        SH:  0    Dex: 12    Spells: 4/8 levels left

rFire   . . .        a - +0 club
rCold   . . .        (no shield)
rNeg    . . .        d - +2 robe
rPois   +            (no helmet)
rElec   .            i - scarf {+Inv}
rCorr   .            (no gloves)
SInv    +            (no barding)
Will    .....        (no amulet)
Stlth   ++           (no ring)
HPRegen 0.26/turn    (no ring)
MPRegen 0.11/turn

%: no passive effects
@: short of breath, very slow
A: AC +1, large, see invisible, deformed body, poison resistance, slowness 2,
spit poison 1, naga tail 1
a: Spit Poison, Evoke Invisibility


You were on level 3 of the Dungeon.
You visited 1 branch of the dungeon, and saw 3 of its levels.

You collected 178 gold pieces.

Inventory:

Hand Weapons
 a - a +0 club (weapon)
Missiles
 l - 6 stones
Armour
 d - a +2 robe (worn)
 i - a scarf of invisibility (worn)
Jewellery
 p - a ring of willpower
Wands
 q - a wand of mindburst (12)
Scrolls
 f - a scroll of teleportation {unknown}
 h - a scroll of butterflies {unknown}
 m - a scroll of vulnerability {unknown}
 n - a scroll of amnesia {unknown}
Potions
 b - 2 potions of magic
 c - 2 potions of curing {unknown}
 e - 3 potions of heal wounds {unknown}
 j - a potion of attraction {unknown}
 k - a potion of cancellation {unknown}
 o - 2 potions of berserk rage {unknown}


   Skills:
 - Level 1.5 Dodging
 - Level 3.0 Stealth
 + Level 2.8 Spellcasting
 + Level 1.7 Conjurations
 - Level 1.0 Transmutations
 + Level 3.6 Earth Magic


You had 4 spell levels left.
You knew the following spells:

 Your Spells              Type           Power      Damage    Failure   Level
a - Sandblast             Erth           28%        2d8       4%          1
A - Stone Arrow           Conj/Erth      22%        3d8       19%         3

Your spell library contained the following spells:

 Spells                   Type           Power      Damage    Failure   Level
 Passwall                 Tmut/Erth      8%         N/A       11%         2
 Momentum Strike          Conj/Tloc      10%        3d8       19%         2
 Blink                    Tloc           4%         N/A       26%         2
 Lesser Beckoning         Tloc           4%         N/A       26%         2
 Dazzling Flash           Conj/Hex       10%        N/A       36%         3
 Volatile Blastmotes      Fire/Tloc      4%         2d10      47%         3
 Brom's Barrelling Bould  Conj/Erth      11%        2d3       52%         4
 Petrify                  Tmut/Erth      10%        N/A       56%         4
 Starburst                Conj/Fire      2%         6d3       100%        6
 Maxwell's Capacitive Co  Air            1%         ∞         100%        8


Dungeon Overview and Level Annotations

Branches:
Dungeon (3/15)

Altars:

Annotations:
D:3 Sigmund


Innate Abilities, Weirdness & Mutations

Your serpentine skin is tough. (AC +1)
You have supernaturally acute eyesight. (SInv)
Armour fits poorly on your strangely shaped body.
Your system is resistant to poisons. (rPois)
You cover ground very slowly.
You can spit poison.
You have a snake-like lower body.


Message History

Press: ? - help, Shift-Dir - straight line, f/p - giant cockroach
Aim: a giant cockroach (almost dead, 82% to hit)
The blast of sand hits the giant cockroach!
You kill the giant cockroach!
Unknown command.
You start resting.
HP restored.
You start resting.
You have got your breath back.
You start resting.
Magic restored.
You see here a giant cockroach corpse.
You see here a giant cockroach corpse.
There is a stone staircase leading up here.
An orc comes into view. It is wielding a +0 falchion.
Aiming: Spit Poison (2% risk of failure)
Press: ? - help, Shift-Dir - straight line, f - orc
Aim: an orc, wielding a +0 falchion (asleep, 100% to hit)
The splash of poison hits the orc.
The orc is poisoned.
The orc is almost dead.
The orc shouts!
Unknown command.
Casting: Sandblast (safe; 4% risk of failure)
Confirm with . or Enter, or press ? or * to list all spells.
Aiming: Sandblast (safe; 4% risk of failure)
Press: ? - help, Shift-Dir - straight line, f/p - orc
Aim: an orc, wielding a +0 falchion (almost dead, poisoned, 82% to hit)
The blast of sand hits the orc!
You kill the orc!
Unknown command.
You have got your breath back.
A giant cockroach comes into view.
Aiming: Spit Poison (2% risk of failure)
Press: ? - help, Shift-Dir - straight line, f - giant cockroach
Aim: a giant cockroach (asleep, 100% to hit)
The splash of poison hits the giant cockroach!
The giant cockroach is poisoned.
You kill the giant cockroach!
You have reached level 4!
You feel agile.
Are you sure you want to abandon this character and quit the game? (Confirm with "yes".)

.######.##.#.# #.
......##.#.######
#.
##........)....
#.
#....#.########
#. #
#.#..#........#
#. #..
#.#..########.#
#. #...##.#..# #.
#......#..# ###
#...@..# #..
#......#.## #.#
##...#.#.# #.#
### #.#.# #.#
#.#.# #.# #.#.#
#.# #.#.# #.#
#.#.# #.# #.#


There were no monsters in sight!

Vanquished Creatures
  A worm (D:2)
  2 orcs (D:3)
  4 bats
  7 endoplasms
  3 giant cockroaches
  8 goblins
  2 hobgoblins (D:1)
  4 jackals (D:1)
  5 kobolds
  A quokka (D:1)
  4 ball pythons
  3 frilled lizards
  2 rats
46 creatures vanquished.

Notes
Turn   | Place    | Note
-------+----------+-------------------------------------------
     0 | D:1      | Meow the Naga Earth Elementalist began the quest for the
                  | Orb.
     0 | D:1      | Reached XP level 1. HP: 15/15 MP: 3/3
   120 | D:1      | Reached XP level 2. HP: 22/22 MP: 1/5
   294 | D:1      | Reached skill level 1 in Conjurations
   573 | D:1      | Reached XP level 3. HP: 28/28 MP: 4/6
   655 | D:1      | Learned a level 3 spell: Stone Arrow
  1645 | D:3      | Noticed Sigmund
  1959 | D:3      | Reached XP level 4. HP: 36/36 MP: 8/8
  1959 | D:3      | Quit the game

Illustrated notes

Levels and vault maps discovered:
D:1:      amcnicky_arrival_choice, layout_loops_ring, minmay_tetromino_o4
D:2:      layout_loops_ring
D:3:      minmay_octagon_keep, layout_basic, nicolae_ru_sacrificial_ziggurat,
          grunt_ministairs_3, uniq_sigmund

Skill      XL: |  1  2 |
---------------+-------+-----
Conjurations   | 1 |  1.7
Dodging        | |  1.5
Stealth        | |  3.0
Spellcasting   | |  2.8
Transmutations | |  1.0
Earth Magic    | |  3.6

Action                     |  1- 3 |  4- 6 || total
---------------------------+-------+-------++-------
  Melee: Club              |     6 |       ||     6
  Throw: Stone             |     3 |       ||     3
   Cast: Sandblast         |    43 |       ||    43
Ability: Spit Poison       |    43 |       ||    43
    Use: Scroll            |     2 |       ||     2
 Armour: Robe              |    24 |       ||    24
  Dodge: Dodged            |    20 |       ||    20

Table legend: (Time is in decaauts)
 A = Elapsed time spent in this place.
 B = Non-inter-level travel time spent in this place.
 C = Inter-level travel time spent in this place.
 D = Time resting spent in this place.
 E = Time spent auto-exploring this place.
 F = Levels seen in this place.
 G = Mean time per level.
                   A        B        C        D        E       F      G
               +--------+--------+--------+--------+--------+-----+--------+
         Total |   2506 |   2319 |    187 |    465 |   1492 |   3 |  835.3 |
       Dungeon |   2506 |   2319 |    187 |    465 |   1492 |   3 |  835.3 |
               +--------+--------+--------+--------+--------+-----+--------+

Top non-repeatable levels by time:
     D:1: 1234 daAuts
     D:2: 887 daAuts
     D:3: 385 daAuts
